AoeStats
← Jontelang

Fortress

510340568Analyzed
1v1 RM · 19h ago on Sep 30, 2026· 57m 45s· 2 players
Game mode
Random Map
Map size
Small (3 player)
Population
200
Speed
Normal
Resources
Standard
Victory
Conquest
Starting age
Dark Age
Ending age
Imperial Age
RankedLock teamsTeams togetherTeam positionsShared explorationLock speedFull tech treeHidden civsTurbo modeCheats
Victory
Defeat
🇷🇺 Slavs · Russia
1016
+16
🇹🇭 Franks · Thailand
1012
-16
Jontelang
8:27 Feudal Age
9:56 Double-Bit Axe
10:03 Gold Mining
10:06 Stone Mining
14:30 Castle Age
14:04 Scale Barding Armor
14:09 Forging
17:57 Husbandry
19:28 Gold Shaft Mining
23:09 Iron Casting
29:50 Imperial Age
29:20 Chain Barding Armor
29:54 Cavalier
32:23 Blast Furnace
33:21 Padded Archer Armor
40:05 Light Cavalry
48:15 Plate Barding Armor
naa
0:44 Loom
7:51 Feudal Age
10:26 Horse Collar
10:34 Double-Bit Axe
13:05 Castle Age
11:20 Scale Mail Armor
11:32 Gold Mining
15:06 Bow Saw
14:42 Pikeman
15:23 Squires
18:25 Detinets
18:25 Stone Mining
20:27 Wheelbarrow
22:11 Hand Cart
22:51 Town Watch
25:52 Gold Shaft Mining
25:20 Heavy Plow
30:48 Imperial Age
31:46 Ballistics
31:31 Padded Archer Armor
32:30 Leather Archer Armor
33:06 Conscription
34:26 Hoardings
33:40 Halberdier
35:24 Crop Rotation
34:22 Elite Skirmisher
35:10 Fletching
36:54 Chemistry
37:05 Masonry
36:50 Murder Holes
37:25 Bloodlines
37:15 Husbandry
36:36 Light Cavalry
39:39 Elite Boyar
42:36 Light Cavalry
45:04 Two-Man Saw
43:35 Hussar
45:07 Onager
51:11 Druzhina
51:46 Ring Archer Armor
51:22 Scale Barding Armor
51:33 Chain Mail Armor
51:13 Bodkin Arrow
51:29 Forging
53:10 Town Patrol
53:54 Chain Barding Armor
56:37 Plate Mail Armor
56:43 Iron Casting
56:22 Siege Engineers
Connection lost

Rejoining the realm…

Still unreachable

The connection could not be restored.

Session expired

The server has moved on; the page needs a fresh start.